 Dungeon Crawl Stone Soup version 0.30-a0-7-g94fe547ab8 (webtiles) character file.

Game seed: 8789406059175683014

6172 Plasmagod the Fighter (level 10, -20/103 HPs)
             Began as a Minotaur Monk on Aug 23, 2022.
             Was a High Priest of Nemelex Xobeh.
             Demolished by a large abomination (32 damage)
             ... on level 9 of the Dungeon.
             The game lasted 00:21:21 (10481 turns).

Plasmagod the Fighter (Minotaur Monk)              Turns: 10481, Time: 00:21:22

Health: -20/103    AC:  7    Str: 20    XL:     10   Next: 60%
Magic:  17/17      EV: 15    Int:  7    God:    Nemelex Xobeh [*****.]
Gold:   450        SH:  0    Dex: 11    Spells: 9/9 levels left

rFire   . . .      SeeInvis .    a - +2 broad axe (venom)
rCold   . . .      Faith    .    (no shield)
rNeg    . . .      Spirit   .    G - +1 ring mail of the Heavens {rPois Will+ Dex-2}
rPois   +          Reflect  .    (helmet restricted)
rElec   .          Harm     .    s - scarf {+Inv}
rCorr   .          Rampage  .    (no gloves)
Will    +....                    t - +0 pair of boots
Stlth   ..........               (no amulet)
HPRegen 0.27/turn                n - +4 ring of evasion
MPRegen 0.15/turn                v - ring of flight

@: confused, ambrosia-drunk, flying, studying Throwing
A: horns 2, retaliatory headbutt
a: Renounce Religion, Evoke Invisibility, Draw Escape, Draw Destruction, Draw
Summoning, Triple Draw, Deal Four, Stack Five


You were on level 9 of the Dungeon.
You worshipped Nemelex Xobeh.
Nemelex Xobeh was extremely pleased with you.
You visited 1 branch of the dungeon, and saw 9 of its levels.

You collected 450 gold pieces.

Inventory:

Hand Weapons
 a - a +2 broad axe of venom (weapon)
 C - a +4 hand axe
Missiles
 z - a throwing net (quivered)
Armour
 s - a scarf of invisibility (worn)
 t - a +0 pair of boots (worn)
 G - the +1 ring mail of the Heavens (worn) {rPois Will+ Dex-2}
   (You found it on level 6 of the Dungeon)

   Dex:       It affects your dexterity (-2).
   rPois:     It protects you from poison.
   Will:      It increases your willpower.
Jewellery
 i - a ring of wizardry
 m - a ring of protection from fire
 n - a +4 ring of evasion (left hand)
 v - a ring of flight (right hand)
 H - a ring of ice
 J - a ring of resist corrosion
 L - an amulet of faith
Wands
 r - a wand of polymorph (2)
 w - a wand of quicksilver (9)
 E - a wand of flame (19)
 F - a wand of roots (3)
 K - a wand of digging (4)
Scrolls
 b - a scroll of identify
 d - a scroll of acquirement
 e - 2 scrolls of torment {unknown}
 o - 4 scrolls of immolation
 p - a scroll of amnesia
 y - 4 scrolls of enchant armour
 B - a scroll of vulnerability
 D - a scroll of poison {unknown}
 I - a scroll of brand weapon {unknown}
Potions
 f - a potion of cancellation
 g - 8 potions of mutation
 h - 3 potions of curing
 j - 2 potions of lignification
 k - 3 potions of haste {unknown}
 l - 2 potions of flight
 q - 4 potions of attraction
 u - a potion of brilliance {unknown}
 x - a potion of invisibility {unknown}
 A - a potion of might {unknown}


   Skills:
 - Level 14.0 Fighting
 - Level 3.6 Axes
 - Level 3.2 Dodging
 - Level 1.5 Stealth
 + Level 11.3 Invocations


You had 9 spell levels left.
You didn't know any spells.
Your spell library contained the following spells:

 Spells                   Type           Power      Damage    Failure   Level
 Magic Dart               Conj           0%         1d3       63%         1
 Shock                    Conj/Air       0%         1d3       63%         1
 Call Imp                 Summ           0%         N/A       77%         2
 Mephitic Cloud           Conj/Pois/Air  0%         N/A       94%         3
 Swiftness                Air            0%         N/A       94%         3
 Airstrike                Air            0%         2d(0-16)  100%        4


Dungeon Overview and Level Annotations

Branches:
Dungeon (9/15)             Temple (0/1) D:6
   Lair: D:8-11         Orc: D:9-12

Altars:
Ashenzari
Dithmenos
Elyvilon
Gozag
Hepliaklqana
Makhleb
Nemelex Xobeh
Okawaru
Ru
Uskayaw
Yredelemnul

Shops:
D:6 *


Innate Abilities, Weirdness & Mutations

You have a pair of horns on your head.
You reflexively headbutt those who attack you in melee.


Message History

The large abomination is moderately damaged.
The large abomination barely misses you.
You barely miss the large abomination.
You headbutt the large abomination, but do no damage.
The large abomination is moderately damaged.
The large abomination barely misses you.
You furiously retaliate!
You headbutt the large abomination.
You hit the large abomination but do no damage.
The large abomination is moderately damaged.
The large abomination closely misses you.
The large abomination completely misses you.
You furiously retaliate!
You headbutt the large abomination, but do no damage.
You barely miss the large abomination.
The large abomination is moderately damaged.
The large abomination closely misses you.
You closely miss the large abomination. You headbutt the large abomination.
The large abomination is moderately damaged.
The large abomination hits you!
The large abomination hits you but does no damage.
You hit the large abomination but do no damage.
You headbutt the large abomination!
The large abomination is heavily damaged.
A large abomination comes into view.
The large abomination hits you!!
A small abomination comes into view.
Okay, then.
You draw a card...
You have drawn the Tomb.
Walls emerge from the floor!
The large abomination completely misses you.
You furiously retaliate!
You headbutt the large abomination.
A large abomination comes into view.
You are too injured to fight recklessly!
You are too injured to fight recklessly!
You are confused.
You feel invigorated. The large abomination hits you!!
* * * LOW HITPOINT WARNING * * *
You hear a shout!
You bump into the rock wall.
The large abomination hits you!!
You die...
Your body disappears without a glow.

#..............##..#.....###....#
#...........############...#...##
...........##....# ##.......#
##...#....###....# ##....#..
#...#..#...'....# #####...###.
##...###...#....# ##......## #.
#.## #...#....# X.######..###. #
##..#..###xX.# #...##.
##.#..#@Xxx.# ##......
#.#..###x..# #.......
################....... #..#
#............##
##.####.#####.....## ##.##..#
#....#♣ ##....## ##♣♣♣♣ ♣♣
#.....# P.♣♣. #.#####♣♣♣♣♣♣ ..♣♣


You could see 3 large abominations and 4 small abominations.

Vanquished Creatures
  A wizard (D:9)
  Pikel (D:6)
  A hornet (D:9)
  A tarantella (D:9)
  Prince Ribbit (D:8)
  Eustachio (D:6)
  A shadow (D:9)
  A human (D:9)
  4 yaks (D:9)
  A steam dragon (D:9)
  Duvessa (D:6)
  3 orc warriors
  3 sky beasts
  3 ice beasts
  2 black bears
  An ogre (D:4)
  A centaur (D:8)
  2 lemures (D:6)
  A kobold brigand (D:9)
  A necrophage (D:7)
  A scorpion (D:7)
  5 wights (D:5)
  Dowan (D:6)
  An electric eel (D:9)
  5 orc priests
  4 hounds
  4 jellies
  Ijyb (D:4)
  4 iguanas
  3 orc wizards (D:9)
  9 adders
  2 shadow imps
  A white imp (D:6)
  5 worms
  2 dart slugs
  19 orcs
  5 bats
  6 endoplasms
  A giant cockroach (D:2)
  3 goblins
  7 hobgoblins
  4 jackals (D:1)
  3 quokkas
  8 ball pythons
  4 frilled lizards
  10 kobolds
  3 rats
152 creatures vanquished.

Vanquished Creatures (collateral kills)
  A two-headed ogre (D:9)
  The ghost of Thjof the Ruffian, a novice DrTm (D:5)
  An ice beast (D:5)
  A hound (D:5)
  An orc (D:9)
5 creatures vanquished.

Vanquished Creatures (others)
  An orc (D:4)
  50 plants
51 creatures vanquished.

Grand Total: 208 creatures vanquished

Notes
Turn   | Place    | Note
-------+----------+-------------------------------------------
     0 | D:1      | Plasmagod the Minotaur Monk began the quest for the Orb.
     0 | D:1      | Reached XP level 1. HP: 19/19 MP: 0/0
   167 | D:1      | Reached skill level 4 in Fighting
   174 | D:1      | Reached XP level 2. HP: 19/28 MP: 1/1
   565 | D:2      | Reached skill level 5 in Fighting
   565 | D:2      | Reached XP level 3. HP: 36/36 MP: 2/2
  1237 | D:2      | Reached skill level 6 in Fighting
  1237 | D:2      | Reached XP level 4. HP: 44/44 MP: 3/3
  1872 | D:3      | Found a shadowy altar of Dithmenos.
  2096 | D:3      | Found a sparkling altar of Nemelex Xobeh.
  2693 | D:3      | Became a worshipper of Nemelex Xobeh the Trickster
  2693 | D:3      | Reached * piety under Nemelex Xobeh
  2693 | D:3      | Received a gift from Nemelex Xobeh
  2693 | D:3      | Reached ** piety under Nemelex Xobeh
  2921 | D:4      | Noticed Ijyb
  2924 | D:4      | Killed Ijyb
  2925 | D:4      | Reached skill level 7 in Fighting
  2925 | D:4      | Reached XP level 5. HP: 31/52 MP: 4/4
  3278 | D:4      | Noticed an ogre
  3280 | D:4      | Killed an ogre
  3281 | D:4      | Reached skill level 8 in Fighting
  3281 | D:4      | Reached XP level 6. HP: 62/62 MP: 5/5
  3576 | D:5      | Entered Level 5 of the Dungeon
  3762 | D:5      | Noticed an ice beast
  3769 | D:5      | Killed an ice beast
  3770 | D:5      | Reached skill level 9 in Fighting
  3854 | D:5      | Found a transporter.
  3854 | D:5      | Noticed Thjof's ghost (novice DrTm)
  3855 | D:5      | Found a transporter.
  3855 | D:5      | Noticed an ice beast
  3866 | D:5      | Killed an ice beast
  3867 | D:5      | Reached XP level 7. HP: 50/71 MP: 6/6
  3869 | D:5      | Killed Thjof's ghost
  3870 | D:5      | Reached skill level 11 in Fighting
  4217 | D:5      | Reached XP level 8. HP: 61/80 MP: 7/7
  4656 | D:5      | Reached skill level 12 in Fighting
  4747 | D:5      | Reached *** piety under Nemelex Xobeh
  5078 | D:6      | Received a gift from Nemelex Xobeh
  5231 | D:6      | Received a gift from Nemelex Xobeh
  5421 | D:6      | Found a burning altar of Makhleb.
  5483 | D:6      | Identified the +1 ring mail of the Heavens {rPois Will+
                  | Dex-2}
  5542 | D:6      | Found a sacrificial altar of Ru.
  5579 | D:6      | Reached skill level 13 in Fighting
  5608 | D:6      | Noticed Duvessa
  5609 | D:6      | Noticed Dowan
  5618 | D:6      | Killed Duvessa
  5620 | D:6      | Killed Dowan
  5845 | D:6      | Found a broken altar of Ashenzari.
  5903 | D:6      | Received a gift from Nemelex Xobeh
  5917 | D:6      | Reached **** piety under Nemelex Xobeh
  5917 | D:6      | Found Gozag's Platinum Reserve.
  5919 | D:6      | Found an opulent altar of Gozag.
  5939 | D:6      | Noticed Pikel
  5960 | D:6      | Killed Pikel
  5961 | D:6      | Reached skill level 14 in Fighting
  5961 | D:6      | Reached XP level 9. HP: 22/95 MP: 7/10
  6317 | D:6      | Found a staircase to the Ecumenical Temple.
  6332 | D:6      | Noticed Eustachio
  6376 | D:6      | Killed Eustachio
  6834 | D:7      | Found a hazy altar of Hepliaklqana.
  6990 | D:7      | Identified a scroll of acquirement
  6990 | D:7      | Acquired a +2 broad axe of venom
  7030 | D:7      | Reached skill level 5 in Invocations
  7248 | D:7      | Received a gift from Nemelex Xobeh
  7360 | D:7      | Found a hide-covered altar of Uskayaw.
  7545 | D:8      | Found an iron altar of Okawaru.
  7995 | D:8      | Reached ***** piety under Nemelex Xobeh
  8247 | D:8      | Found a white marble altar of Elyvilon.
  8359 | D:8      | Noticed Prince Ribbit
  8366 | D:8      | Killed Prince Ribbit
  8712 | D:9      | Received a gift from Nemelex Xobeh
  8782 | D:9      | Noticed a two-headed ogre
  8785 | D:9      | Reached XP level 10. HP: 88/103 MP: 15/15
  8788 | D:9      | Killed a two-headed ogre
  9044 | D:9      | HP: 5/102 [electric eel/bolt of electricity (3)]
  9225 | D:9      | Reached skill level 10 in Invocations
  9913 | D:9      | Noticed Erica
  9915 | D:9      | Noticed Erica
  9915 | D:9      | Erica changed into Erica the tarantella
  9918 | D:9      | Killed Erica the tarantella
 10378 | D:9      | Found a basalt altar of Yredelemnul.
 10443 | D:9      | Noticed a wizard
 10449 | D:9      | Killed a wizard
 10471 | D:9      | Noticed a large abomination
 10481 | D:9      | Demolished by a large abomination

Illustrated notes

Levels and vault maps discovered:
D:1:      lightli_arrival_boilingwater, layout_rooms, minivault_23
D:2:      layout_basic, kennysheep_cross_bottleneck, minmay_bisected
D:3:      layout_basic, nicolae_dithmenos_the_darkroom,
          nemelex_spade_bored_becter, wander_ebering_terrifying_dragon_lair
D:4:      wander_river, layout_loops_ring, uniq_ijyb
D:5:      layout_loops_ring, gammafunk_ghost_arena
D:6:      layout_gridville, nicolae_ashenzari_skybound,
          nicolae_gozag_zags_fifth_avenue, lemuel_coloured_pillars_altar,
          nicolae_ru_awakened_eye, temple_fountains, minivault_11,
          kennysheep_generic_room_7, uniq_duvessa, uniq_eustachio, uniq_pikel
D:7:      layout_cave_pools, old_standard_altar,
          nicolae_hepliaklqana_hazy_memory
D:8:      layout_loops_corners, nicolae_overflow_hidden_temple,
          okawaru_metal_pillars_1_2, hangedman_decor_lopped, uniq_prince_ribbit1
D:9:      wad_woods_pond, layout_layer_cave, kennysheep_mini, laboratory,
          uniq_erica

Skill      XL: |  1  2  3  4  5  6  7  8  9 10 |
---------------+-------------------------------+-----
Fighting       | 4 5 6 7 8 9 11 14 | 14.0
Invocations    | 3 8 11 | 11.3
Axes           | |  3.6
Dodging        | |  3.2
Stealth        | |  1.5

Action                   |  1- 3 |  4- 6 |  7- 9 | 10-12 || total
-------------------------+-------+-------+-------+-------++-------
Melee: Hand axe          |    73 |   101 |   148 |       ||   322
       Headbutt          |    12 |    25 |    39 |    11 ||    87
       Punch             |     1 |     1 |     5 |       ||     7
       Broad axe         |       |       |    43 |    61 ||   104
Invok: Draw Destruction  |       |     5 |     7 |     6 ||    18
       Draw Summoning    |       |     1 |       |     1 ||     2
       Draw Escape       |       |       |       |     2 ||     2
       Triple Draw       |       |       |       |     1 ||     1
  Use: Scroll            |       |       |    19 |       ||    19
       Potion            |       |       |       |     1 ||     1
 Stab: Distracted        |       |       |     2 |       ||     2
Armor: Ring mail         |    34 |       |    48 |    18 ||   100
       Robe              |     1 |       |       |       ||     1
       Chain mail        |       |    42 |    21 |       ||    63
Dodge: Dodged            |    48 |    50 |   153 |    40 ||   291

Table legend: (Time is in decaauts)
 A = Elapsed time spent in this place.
 B = Non-inter-level travel time spent in this place.
 C = Inter-level travel time spent in this place.
 D = Time resting spent in this place.
 E = Time spent auto-exploring this place.
 F = Levels seen in this place.
 G = Mean time per level.
                   A        B        C        D        E       F      G
               +--------+--------+--------+--------+--------+-----+--------+
         Total |  10572 |  10134 |    438 |    302 |   8599 |   9 | 1174.7 |
       Dungeon |  10572 |  10134 |    438 |    302 |   8599 |   9 | 1174.7 |
               +--------+--------+--------+--------+--------+-----+--------+

Top non-repeatable levels by time:
     D:6: 1900 daAuts
     D:9: 1827 daAuts
     D:5: 1531 daAuts
     D:2: 1284 daAuts
     D:8: 1070 daAuts
     D:3: 901 daAuts
     D:4: 848 daAuts
     D:7: 639 daAuts
     D:1: 567 daAuts
